 Dungeon Crawl Stone Soup version 0.28-a0-476-g0f06bd746f (webtiles) character file.

Game seed: 13364275275888655455

4 zazu2006 the Magician (level 1, 0/15 HPs)
             Began as a Naga Hedge Wizard on Sept 16, 2021.
             Slain by an endoplasm (3 damage)
             ... on level 1 of the Dungeon.
             The game lasted 00:00:33 (102 turns).

zazu2006 the Magician (Naga Hedge Wizard)            Turns: 102, Time: 00:00:34

Health: 0/15       AC:  1    Str: 12    XL:     1   Next: 60%
Magic:  0/4        EV:  9    Int: 14    God:
Gold:   0          SH:  0    Dex: 10    Spells: 5/6 levels left

rFire   . . .      SeeInvis +   a - +0 dagger
rCold   . . .      Faith    .   (no shield)
rNeg    . . .      Spirit   .   b - +0 robe
rPois   +          Reflect  .   c - +0 hat
rElec   .          Harm     .   (no cloak)
rCorr   .          Rampage  .   (no gloves)
Will    .....                   (no barding)
Stlth   ++........              (no amulet)
HPRegen 0.05/turn               (no ring)
MPRegen 0.09/turn               (no ring)

@: very slow
A: AC +0, large, see invisible, deformed body, poison resistance, slowness 2,
spit poison 1, naga tail 1
a: Spit Poison


You were on level 1 of the Dungeon.
You visited 1 branch of the dungeon, and saw 1 of its levels.

Inventory:

Hand Weapons
 a - a +0 dagger (weapon)
Armour
 b - a +0 robe (worn)
 c - a +0 hat (worn)


   Skills:
 + Level 1.5 Dodging
 + Level 3.1 Stealth
 + Level 3.2 Spellcasting
 + Level 1.0 Conjurations
 + Level 1.0 Summonings
 + Level 1.0 Translocations


You had 5 spell levels left.
You knew the following spells:

 Your Spells              Type           Power      Damage    Failure   Level
a - Magic Dart            Conj           20%        1d4       14%         1

Your spell library contained the following spells:

 Spells                   Type           Power      Damage    Failure   Level
 Blink                    Tloc           N/A        N/A       22%         2
 Call Imp                 Summ           5%         N/A       22%         2
 Slow                     Hex            2%         N/A       32%         2
 Conjure Flame            Conj/Fire      3%         6-21      45%         3
 Mephitic Cloud           Conj/Pois/Air  3%         N/A       50%         3


Dungeon Overview and Level Annotations

Branches:
Dungeon (1/15)

Altars:


Innate Abilities, Weirdness & Mutations

Your serpentine skin is tough. (AC +0)
You have supernaturally acute eyesight. (SInv)
Armour fits poorly on your strangely shaped body.
Your system is resistant to poisons. (rPois)
You cover ground very slowly.
You can spit poison.
You have a snake-like lower body.


Message History

Aim: a goblin, wielding a +0 dagger (100% to hit)
The magic dart hits the goblin.
The goblin is heavily wounded.
The goblin hits you with a +0 dagger.
Okay, then.
Unknown command.
Unknown command.
You hit the goblin but do no damage.
The goblin is heavily wounded.
The goblin hits you with a +0 dagger.
* * * LOW HITPOINT WARNING * * *
You closely miss the goblin.
The goblin is heavily wounded.
You have got your breath back.
The goblin closely misses you.
You hit the goblin but do no damage.
The goblin is heavily wounded.
The goblin hits you but does no damage.
Casting: Magic Dart (safe; 14% risk of failure)
Confirm with . or Enter, or press ? or * to list all spells.
Aiming: Magic Dart (safe; 14% risk of failure)
Press: ? - help, Shift-Dir - straight line, f/p - goblin
Aim: a goblin, wielding a +0 dagger (heavily wounded, 100% to hit)
The magic dart hits the goblin.
The goblin is severely wounded.
The goblin hits you but does no damage.
Press: ? - help, Shift-Dir - straight line, f/p - goblin
Aim: a goblin, wielding a +0 dagger (severely wounded)
The splash of poison hits the goblin.
The goblin is poisoned.
You kill the goblin!
The endoplasm freezes you.
You are frozen.
* * * LOW HITPOINT WARNING * * *
There is an escape hatch in the floor here.
The endoplasm hits you but does no damage.
There is an open door here.
You have got your breath back.
The endoplasm jiggles.
The endoplasm hits you.
You die...

.J..#......# #########
. #..†.#.#
#^#Z#Z#Z#####
#....#)############^#Z#
##..##'##^#.......#####
####...###.#####......
#Z#.>.....#^#Z#####..
###...#########Z#Z###
##J##Z#Z# #####Z#
#@###### ### #..# #..#
#.## #.# #.# .†# ...


You could see an endoplasm.

Vanquished Creatures
  2 goblins (D:1)
  3 rats (D:1)
5 creatures vanquished.

Notes
Turn   | Place    | Note
-------+----------+-------------------------------------------
     0 | D:1      | zazu2006 the Naga Hedge Wizard began the quest for the Orb.
     0 | D:1      | Reached XP level 1. HP: 15/15 MP: 4/4
   102 | D:1      | Slain by an endoplasm

Illustrated notes

Levels and vault maps discovered:
D:1:      shiori_arrival_whats_in_store_for_you, layout_rooms,
          hellmonk_ecumenical_altar_heavens_door

Action                   || total
-------------------------++-------
Melee: Dagger            ||     5
 Cast: Magic Dart        ||     9
 Abil: Spit Poison       ||     3
Armor: Robe              ||     3
Dodge: Dodged            ||     4

Table legend: (Time is in decaauts)
 A = Elapsed time spent in this place.
 B = Non-inter-level travel time spent in this place.
 C = Inter-level travel time spent in this place.
 D = Time resting spent in this place.
 E = Time spent auto-exploring this place.
 F = Levels seen in this place.
 G = Mean time per level.
                   A        B        C        D        E       F      G
               +--------+--------+--------+--------+--------+-----+--------+
         Total |    121 |    121 |      0 |      0 |     82 |   1 |  121.0 |
       Dungeon |    121 |    121 |      0 |      0 |     82 |   1 |  121.0 |
               +--------+--------+--------+--------+--------+-----+--------+

Top non-repeatable levels by time:
     D:1: 121 daAuts
